 Dungeon Crawl Stone Soup version 0.23-a0-550-g7de1f8e (webtiles) character file.

124 Geeful the Sneak (level 5, 0/31 HPs)
             Began as an Octopode Earth Elementalist on Dec 9, 2018.
             Succumbed to a worker ant's poison
             ... on level 1 of the Dungeon.
             The game lasted 00:06:21 (1190 turns).

Geeful the Sneak (Octopode Earth Elementalist)      Turns: 1190, Time: 00:06:21

Health: 0/31       AC:  2    Str:  7 (8)  XL:     5   Next: 8%
Magic:  3/9        EV: 14    Int: 15 (18) God:
Gold:   70         SH:  0    Dex: 11 (12) Spells: 6/9 levels left

rFire    . . .     SeeInvis .   g - +2 dagger (protect)
rCold    . . .     Gourm    .   (no shield)
rNeg     + . .     Faith    .   e - +1 hat
rPois    .         Spirit   .   (no amulet)
rElec    .         Reflect  .   d - ring of positive energy
rCorr    .         Harm     .   (no ring)
MR       .....                  (no ring)
Stlth    +++.......             (no ring)
HPRegen  0.10/turn              (no ring)
MPRegen  0.11/turn              (no ring)
                                (no ring)
                                (no ring)

@: lethally poisoned (0 -> -4)
A: almost no armour, stealthy swim, amphibious, 8 rings, constrict 8, camouflage
1, gelatinous body 1
a: no special abilities


You were on level 1 of the Dungeon.
You were not hungry.

You visited 1 branch of the dungeon, and saw 2 of its levels.

You collected 70 gold pieces.

Inventory:

Hand Weapons
 g - a +2 dagger of protection (weapon)
 h - a +0 dagger of protection
Missiles
 b - 65 stones (quivered)
Armour
 e - a +1 hat (worn)
Jewellery
 d - a ring of positive energy (left tentacle)
Scrolls
 f - a scroll of enchant weapon
Comestibles
 c - 3 rations


   Skills:
 + Level 3.0 Dodging
 + Level 4.2 Stealth
 + Level 2.9 Spellcasting
 - Level 1.0 Transmutations
 + Level 3.8 Earth Magic


You had 6 spell levels left.
You knew the following spells:

 Your Spells              Type           Power        Failure   Level  Hunger
a - Sandblast             Erth           ##....       4%          1    #......
b - Passwall              Tmut/Erth      #.......     12%         2    ##.....

Your spell library contained the following spells:

 Spells                   Type           Power        Failure   Level  Hunger
 Stone Arrow              Conj/Erth      #.....       28%         3    ###....
 Petrify                  Tmut/Erth      #.......     58%         4    #####..
 Lee's Rapid Deconstruct  Erth           ##........   75%         5    ######.


Dungeon Overview and Level Annotations

Branches:
Dungeon (2/15)

Altars:


Innate Abilities, Weirdness & Mutations

You cannot wear most types of armour.
You are very stealthy in the water. (Stealth+)
You are amphibious.
You can wear up to eight rings at the same time.
You can use your tentacles to constrict eight enemies at once.
Your skin changes colour to match your surroundings (Stealth+).
Your rubbery body absorbs attacks. (AC +1, EV +1)


Message History

The worker ant is severely wounded.
b - 66 stones You constrict the worker ant.
The worker ant bites you.
* * * LOW HITPOINT WARNING * * *
Casting: Sandblast (safe; 4% risk of failure)
Confirm with . or Enter, or press ? or * to list all spells.
Aiming: Sandblast (safe; 4% risk of failure)
Press: ? - help, Shift-Dir - straight line, f/p - worker ant
Aim: a worker ant (severely wounded, constricted by you)
The blast of sand hits the worker ant.
You kill the worker ant!
Your Dodging skill increases to level 3!
You have reached level 5!
You feel stronger.
b - 65 stones
* * * LOW HITPOINT WARNING * * *
You feel sick.
Sorry, you're not good enough to have a special ability.
There is a stone staircase leading down, spattered with blood here.
You die...

#..........≈≈.#................#
≈#..≈....P≈...#..#........#...##
.#≈..≈........#..#.##...#.#...###
≈≈.≈PP....≈≈≈P#...........[......
≈≈..P........##..#..#...###...###
≈.P.≈P...P.P..#†.#..#............
≈..≈.≈..≈...PP#.>.[.......##..###
.....P..≈P≈..##...............# #
#≈.P....P...###.@##.....#.##..# #
≈#...PPP≈...# #..##..##.#.##..# #
.#..P...P...# #...............# #
.≈P...P.≈...# #...............# #
#.PP≈≈.....## #............#..# #
###..P.....# #.#########.##..# #
###..P....## #.#########.....# #
........### #.#.........##.####
##......## #...........'.....#


There were no monsters in sight!

Vanquished Creatures
  2 orc wizards (D:2)
  A worker ant (D:1)
  A gnoll (D:1)
  An ooze (D:1)
  A dart slug (D:1)
  2 orcs (D:2)
  A giant cockroach (D:1)
  2 goblins (D:1)
  4 hobgoblins (D:1)
  3 jackals (D:1)
  4 kobolds (D:1)
  2 bats (D:1)
  3 frilled lizards (D:1)
  4 rats (D:1)
31 creatures vanquished.

Notes
Turn   | Place    | Note
-------+----------+-------------------------------------------
     0 | D:1      | Geeful the Octopode Earth Elementalist began the quest for
                  | the Orb.
     0 | D:1      | Reached XP level 1. HP: 11/11 MP: 3/3
   307 | D:1      | Reached skill level 3 in Stealth
   307 | D:1      | Reached XP level 2. HP: 17/17 MP: 1/5
   354 | D:1      | Learned a level 2 spell: Passwall
   833 | D:1      | Reached XP level 3. HP: 21/21 MP: 6/6
  1175 | D:2      | Reached XP level 4. HP: 18/27 MP: 5/7
  1176 | D:2      | Reached skill level 4 in Stealth
  1185 | D:1      | HP: 1/27 [worker ant (3)]
  1186 | D:1      | Reached XP level 5. HP: 2/31 MP: 3/9
  1190 | D:1      | Succumbed to a worker ant's poison

Vault maps used:
D:1:      lemuel_arrival_muddy
D:2:      gammafunk_temple_overflow_pools, first_ration, uniq_crazy_yiuf_cottage

Skill      XL: |  1  2  3  4 |
---------------+-------------+-----
Stealth        | 3 4 |  4.2
Dodging        | 3 |  3.0
Spellcasting   | |  2.9
Transmutations | |  1.0
Earth Magic    | |  3.8

Action                   |  1- 3 |  4- 6 || total
-------------------------+-------+-------++-------
Melee: Unarmed           |    10 |       ||    10
       Dagger            |    42 |     3 ||    45
       Constrict         |     9 |     1 ||    10
       Tentacles         |     4 |     1 ||     5
 Cast: Sandblast         |    16 |     4 ||    20
  Use: Potion            |     2 |     1 ||     3
       Scroll            |     2 |       ||     2
 Stab: Sleeping          |    10 |       ||    10
       Invisible         |     1 |       ||     1
  Eat: Chunk             |     1 |       ||     1
Armor: Skin              |    14 |     4 ||    18
Dodge: Dodged            |    36 |     4 ||    40

Table legend:
 A = Non-vault XP
 B = Vault XP
 C = Vault XP percentage of total XP
 D = Non-vault monster count
 E = Vault monster count
 F = Vault count percentage of total count
                 A         B        C        D         E       F
            +---------+---------+-------+---------+---------+-------
      Total |     178 |       0 |   0.0 |      31 |       0 |   0.0
            +---------+---------+-------+---------+---------+-------
        D:1 |      92 |       0 |   0.0 |      27 |       0 |   0.0
        D:2 |      86 |       0 |   0.0 |       4 |       0 |   0.0
            +---------+---------+-------+---------+---------+-------
